Map: Orbital Shipyard

Players

wabbajack - Winner!

  • Race: Terran Terran
  • League: Gold

VOD

Have the link to the VOD?

Description

Time

  • Played on: July 17, 2015, 12:12 p.m.
  • Length: 7:47
Show
View Real Time Build Order
Export as new Build Order

wabbajack Terran - Winner!

Build Orders:  

Get SALT Encoding   

  12  0:02  SCV  
  12  0:14  SCV  
  12  0:20  Supply Depot  
  12  0:27  SCV  
  12  0:42  SCV  
  12  0:56  Command Center  
  12  1:01  SCV  
  12  1:13  Barracks  
  12  1:16  SCV  
  12  1:21  Refinery  
  12  1:28  SCV  
  12  1:40  SCV  
  12  1:47  Barracks  
  12  1:52  SCV  
  12  2:01  Marine  
  12  2:06  Orbital Command  
  12  2:09  Orbital Command  
  12  2:20  Marine  
  12  2:26  Factory  
  12  2:30  Refinery  
  12  2:35  SCV  
  12  2:36  SCV  
  12  2:48  Barracks Reactor  
  12  2:49  Marine  
  12  2:54  Supply Depot  
  12  2:56  SCV x2  
  12  3:07  Marine  
  12  3:08  SCV x2  
  12  3:15  Widow Mine  
  12  3:24  SCV  
  12  3:25  SCV  
  12  3:28  Supply Depot  
  12  3:36  SCV  
  12  3:37  Command Center, SCV, Supply Depot  
  12  3:49  SCV x2  
  12  3:57  Barracks Reactor  
  12  3:59  Starport  
  12  4:01  Armory  
  12  4:02  SCV x2  
  12  4:06  Hellion x2  
  12  4:12  Barracks Reactor  
  12  4:14  SCV x2  
  12  4:26  SCV x2  
  12  4:27  Supply Depot, Hellion x2  
  12  4:44  Medivac x2  
  12  4:47  SCV x2  
  12  4:49  Hellion x2  
  12  4:51  Marine x2  
  12  4:53  Barracks Tech Lab  
  12  4:59  SCV x2  
  12  5:01  Supply Depot  
  12  5:02  Orbital Command  
  12  5:03  Liberator  
  12  5:07  Supply Depot  
  12  5:11  SCV x2, Marine x2  
  12  5:12  Hellion x2  
  12  5:17  Marine  
  12  5:23  Orbital Command, Medivac  
  12  5:32  Refinery  
  12  5:33  Refinery  
  12  5:46  Hellion x2, Marine x2  
  12  5:48  Marauder  
  12  5:49  Combat Shields  
  12  6:01  SCV x2  
  12  6:02  SCV  
  12  6:05  Marine x2  
  12  6:09  Marine  
  12  6:10  Hellion x2  
  12  6:16  Medivac  
  12  6:23  Supply Depot  
  12  6:25  Supply Depot  
  12  6:27  Supply Depot  
  12  6:28  Liberator  
  12  6:45  SCV x3, Marine x2  
  12  6:47  Hellion x2, Marauder  
  12  7:00  SCV x3  
  12  7:08  Supply Depot  
  12  7:09  Supply Depot  
  12  7:12  Supply Depot x2, SCV x3  
  12  7:17  Refinery  
  12  7:18  Refinery  
  12  7:24  SCV x3  
Tags
 
Add a new tag
Caveats
  • Supply blocks, unpowered buildings, or Contaminate may cause inaccurate times.
  • Supply counts are checked every 10 seconds.